 Dungeon Crawl Stone Soup version 0.27-a0-1434-g6f15984924 (webtiles) character file.

Game seed: 16626254871973139724

2 Brandom the Stinger (level 1, -1/15 HPs)
             Began as a Naga Venom Mage on July 3, 2021.
             Slain by a kobold (3 damage)
             ... on level 1 of the Dungeon.
             The game lasted 00:01:15 (94 turns).

Brandom the Stinger (Naga Venom Mage)                 Turns: 94, Time: 00:01:15

Health: -1/15      AC:  1    Str: 10    XL:     1   Next: 30%
Magic:  1/3        EV:  9    Int: 15    God:
Gold:   0          SH:  0    Dex: 11    Spells: 3/4 levels left

rFire    . . .     SeeInvis +   (no weapon)
rCold    . . .     Faith    .   (no shield)
rNeg     . . .     Spirit   .   a - +0 robe
rPois    +         Reflect  .   (no helmet)
rElec    .         Harm     .   (no cloak)
rCorr    .         Rampage  .   (no gloves)
Will     .....                  (no barding)
Stlth    ++........             (no amulet)
HPRegen  0.05/turn              (no ring)
MPRegen  0.08/turn              (no ring)

@: very slow
A: AC +0, large, see invisible, deformed body, poison resistance, slowness 2,
spit poison 1, naga tail 1
a: Spit Poison


You were on level 1 of the Dungeon.
You visited 1 branch of the dungeon, and saw 1 of its levels.

Inventory:

Missiles
 b - 60 stones
Armour
 a - a +0 robe (worn)


   Skills:
 * Level 0.1 Fighting
 + Level 1.5 Dodging
 + Level 3.1 Stealth
 + Level 2.0 Spellcasting
 + Level 1.0 Transmutations
 + Level 4.0 Poison Magic


You had 3 spell levels left.
You knew the following spells:

 Your Spells              Type           Power      Damage    Failure   Level
a - Sting                 Tmut/Pois      36%        1d4       8%          1

Your spell library contained the following spells:

 Spells                   Type           Power      Damage    Failure   Level
 Beastly Appendage        Tmut           8%         N/A       14%         1
 Poisonous Vapours        Pois/Air       14%        N/A       14%         2
 Wereblood                Tmut           4%         N/A       22%         2
 Spider Form              Tmut/Pois      4%         N/A       24%         3
 Mephitic Cloud           Conj/Pois/Air  5%         N/A       36%         3
 Olgreb's Toxic Radiance  Pois           13%        N/A       38%         4


Dungeon Overview and Level Annotations

Branches:
Dungeon (1/15)

Altars:


Innate Abilities, Weirdness & Mutations

Your serpentine skin is tough. (AC +0)
You have supernaturally acute eyesight. (SInv)
Armour fits poorly on your strangely shaped body.
Your system is resistant to poisons. (rPois)
You cover ground very slowly.
You can spit poison.
You have a snake-like lower body.


Message History

b - 42 stones (gained 3)
b - 45 stones (gained 3)
b - 48 stones (gained 3)
b - 49 stones (gained 1)
b - 50 stones (gained 1)
b - 52 stones (gained 2)
b - 54 stones (gained 2)
b - 55 stones (gained 1)
b - 56 stones (gained 1)
b - 58 stones (gained 2)
b - 59 stones (gained 1)
b - 60 stones (gained 1)
You open the door.
There is an open door here.
Found a book of Changes.
A hobgoblin comes into view.
A kobold comes into view. It is wielding a +0 club.
The hobgoblin shouts!
The kobold shouts!
You hear an angry hiss.
A rat comes into view.
The kobold throws a stone.
The stone hits you but does no damage.
You see here a book of Changes.
You pick up a book of Changes and begin reading...
You add the spells Beastly Appendage, Wereblood and Spider Form to your library.
The kobold throws a stone.
The stone barely misses you. The hobgoblin misses you.
The kobold throws a stone.
The stone barely misses you.
Aim: a hobgoblin (68% to hit)
The sting hits the hobgoblin.
The hobgoblin is poisoned.
The hobgoblin hits you. The hobgoblin closely misses you.
The hobgoblin looks more healthy.
The hobgoblin barely misses you.
Aim: a hobgoblin (severely wounded, 68% to hit)
The sting hits the hobgoblin.
The hobgoblin is poisoned.
You kill the hobgoblin!
Aim: a rat (68% to hit)
The sting hits the rat.
The rat is poisoned.
The rat bites you.
You kill the rat!
There is an open door here.
You barely miss the kobold. The kobold hits you with a +0 club.
You barely miss the kobold. The kobold hits you with a +0 club.
* * * LOW HITPOINT WARNING * * *
The kobold barely misses you.
The kobold throws a stone.
The stone hits you.
* * * LOW HITPOINT WARNING * * *
The kobold throws a stone.
The stone barely misses you.
The kobold throws a stone.
The stone hits you.
* * * LOW HITPOINT WARNING * * *
The kobold hits you with a +0 club.
You die...

#+# ##.##
### #...#
##.###...##
#...#.....#
#...#..K..#
#.<.'.@8..#
#...#.....#
#...#.....#
##.###...##
### #...#
##.## #'#
#.# ##†#


You could see a kobold.

Vanquished Creatures
  A hobgoblin (D:1)
  A rat (D:1)
2 creatures vanquished.

Notes
Turn   | Place    | Note
-------+----------+-------------------------------------------
     0 | D:1      | Brandom the Naga Venom Mage began the quest for the Orb.
     0 | D:1      | Reached XP level 1. HP: 15/15 MP: 3/3
    94 | D:1      | Slain by a kobold

Illustrated notes

Levels and vault maps discovered:
D:1:      minmay_arrival_shattered_statue, layout_basic,
          shapermc_ecumenical_altar_venn

Action                   || total
-------------------------++-------
Melee: Unarmed           ||     2
 Cast: Sting             ||     3
Armor: Robe              ||     1
Dodge: Dodged            ||     7

Table legend: (Time is in decaauts)
 A = Elapsed time spent in this place.
 B = Non-inter-level travel time spent in this place.
 C = Inter-level travel time spent in this place.
 D = Time resting spent in this place.
 E = Time spent auto-exploring this place.
 F = Levels seen in this place.
 G = Mean time per level.
                   A        B        C        D        E       F      G
               +--------+--------+--------+--------+--------+-----+--------+
         Total |    117 |    117 |      0 |      0 |     18 |   1 |  117.0 |
       Dungeon |    117 |    117 |      0 |      0 |     18 |   1 |  117.0 |
               +--------+--------+--------+--------+--------+-----+--------+

Top non-repeatable levels by time:
     D:1: 117 daAuts
